 Dungeon Crawl Stone Soup version 0.21.1-1-g345015f (webtiles) character file.

653 Lilu the Destroyer (level 7, -11/43 HPs)
             Began as a Deep Elf Conjurer on July 29, 2018.
             Was a Follower of Vehumet.
             Mangled by an orc wizard
             ... wielding a +2 dagger of electrocution
              (18 damage)
             ... on level 5 of the Dungeon.
             The game lasted 00:23:13 (5338 turns).

Lilu the Destroyer (Deep Elf Conjurer)              Turns: 5338, Time: 00:23:14

Health: -11/43     AC:  5    Str:  7    XL:     7   Next: 29%
Magic:  0/13       EV: 13    Int: 20    God:    Vehumet [*.....]
Gold:   91         SH:  0    Dex: 15    Spells: 5/12 levels left

rFire    . . .     SeeInvis .   I - staff of conjuration
rCold    . . .     Gourm    .   (no shield)
rNeg     . . .     Faith    .   a - +0 robe
rPois    .         Spirit   +   d - +0 helmet
rElec    .         Reflect  .   o - +0 cloak
rCorr    .         Harm     .   G - +0 pair of gloves
MR       .....                  (no boots)
Stlth    ++........             h - amulet of guardian spirit
HPRegen  0.14/turn              (no ring)
MPRegen  0.13/turn              (no ring)

@: no status effects
A: no striking features
a: Renounce Religion


You were on level 5 of the Dungeon.
You worshipped Vehumet.
Vehumet was aware of your devotion.
You were not hungry.

You visited 1 branch of the dungeon, and saw 5 of its levels.

You collected 91 gold pieces.

Inventory:

Hand Weapons
 w - a +0 blowgun
 z - a +0 hunting sling
 F - a +2 short sword of venom
Missiles
 f - 80 arrows
 q - 3 needles of paralysis
 t - 34 sling bullets
 x - 38 poisoned needles
 y - 168 stones (quivered)
Armour
 a - a +0 robe (worn)
 d - a +0 helmet (worn)
 o - a +0 cloak (worn)
 D - a +0 chain mail of cold resistance
 G - a +0 pair of gloves (worn)
Magical Staves
 I - an uncursed staff of conjuration (weapon)
Jewellery
 h - an amulet of guardian spirit (around neck)
Wands
 A - a wand of acid (8)
Scrolls
 e - 4 scrolls of teleportation {unknown}
 g - a scroll of random uselessness {unknown}
 j - a scroll of enchant weapon {unknown}
 k - 2 scrolls of enchant armour {unknown}
 l - 3 scrolls of remove curse {unknown}
 n - 2 scrolls of amnesia {unknown}
 r - a scroll of fog {unknown}
 s - 6 scrolls of identify {unknown}
 u - a scroll of noise {unknown}
 C - 2 scrolls of immolation {unknown}
 E - a scroll of fear {unknown}
Potions
 i - 5 potions of curing
 m - 2 potions of might {unknown}
 p - a potion of degeneration {unknown}
 v - a potion of invisibility {unknown}
 B - a potion of haste {unknown}
Books
 b - a book of Conjurations

   Spells                             Type                      Level
   a - Magic Dart                     Conjuration                  1
   b - Searing Ray                    Conjuration                  2
   c - Dazzling Spray                 Conjuration/Hexes            3
   d - Fulminant Prism                Conjuration/Hexes            4
   e - Force Lance                    Conjuration/Translocation    4
   f - Iskenderun's Mystic Blast      Conjuration                  4
Comestibles
 c - 9 rations
 H - 2 chunks of flesh


   Skills:
 + Level 4.0 Fighting
 - Level 2.4 Dodging
 - Level 2.4 Stealth
 - Level 3.0 Spellcasting
 - Level 8.0 Conjurations


You had 5 spell levels left.
You knew the following spells:

 Your Spells              Type           Power        Failure   Level  Hunger
a - Magic Dart            Conj           ####         1%          1    None
b - Searing Ray           Conj           ######       1%          2    ##.....
c - Iskenderun's Mystic   Conj           ######..     4%          4    ####...


Dungeon Overview and Level Annotations

Branches:
Dungeon (5/15)             Temple (0/1) D:5

Altars:
Ashenzari
Fedhas
Nemelex Xobeh
Okawaru
Qazlal
Vehumet

Annotations:
D:4 Graouh's ghost, amateur MiFi


Message History

The orc wizard hits you but does no damage.
You are electrocuted!
The searing ray hits the orc.
You kill the orc!
Vehumet accepts your kill.
The orc throws a tomahawk.
The tomahawk hits you. The orc wizard closely misses you.
The searing ray hits the orc.
You kill the orc!
Vehumet accepts your kill.
You finish channeling your searing ray.
The orc wizard hits you with a dagger of electrocution.
You are electrocuted!
* * * LOW HITPOINT WARNING * * *
Casting: Searing Ray
Confirm with . or Enter, or press ? or * to list all spells.
You don't have enough magic to cast that spell.
The orc wizard hits you but does no damage.
You are electrocuted!
You die...

...........+
...... .
##.#####..[#
#...# [# .#.#
#...# ###...##.##
.#.# #...#
#.......... .#.#
#...# #..........
.#.#
#...###...(......
.#.#
#...'............
.#.#
#...#####....#.##
#.# ##+## #@...#
# #.# #.o..#
##(..# #)### .).
.⌠.⌠. +..>..+
#.⌠.⌠.# #.....#


You could see an orc wizard.

Vanquished Creatures
  A big kobold (D:4)
  A scorpion (D:4)
  A howler monkey (D:3)
  2 orc priests
  An orc wizard (D:3)
  A bullfrog skeleton (D:4)
  Natasha (thrice) (D:2)
  A worker ant (D:4)
  A hound skeleton (D:4)
  A mummy (D:4)
  3 gnolls (D:4)
  10 adders
  3 oozes (D:2)
  3 worms
  A dart slug (D:1)
  2 leopard geckos
  12 orcs
  A ball python (D:4)
  4 bats
  2 giant cockroaches
  6 goblins
  9 hobgoblins
  8 jackals (D:3)
  2 frilled lizards
  2 hobgoblin zombies (D:4)
  27 kobolds
  A kobold zombie (D:4)
  An orc zombie (D:4)
  9 rats
119 creatures vanquished.

Vanquished Creatures (others)
  A kobold (D:4)
1 creature vanquished.

Grand Total: 120 creatures vanquished

Notes
Turn   | Place    | Note
-------+----------+-------------------------------------------
     0 | D:1      | Lilu the Deep Elf Conjurer began the quest for the Orb.
     0 | D:1      | Reached XP level 1. HP: 10/10 MP: 6/6
   219 | D:1      | Reached XP level 2. HP: 12/15 MP: 5/8
   258 | D:1      | Reached skill level 5 in Conjurations
   274 | D:1      | Learned a level 2 spell: Searing Ray
   851 | D:2      | Reached XP level 3. HP: 19/19 MP: 6/9
   952 | D:2      | Noticed Natasha
   957 | D:2      | Killed Natasha
   957 | D:2      | Reached skill level 6 in Conjurations
  1028 | D:2      | Reached XP level 4. HP: 24/24 MP: 6/10
  1034 | D:2      | Learned a level 4 spell: Iskenderun's Mystic Blast
  1328 | D:2      | Noticed Natasha
  1333 | D:2      | Killed Natasha
  1456 | D:2      | Found an iron altar of Okawaru.
  1456 | D:2      | Found a stormy altar of Qazlal.
  1459 | D:2      | Found a shattered altar of Ashenzari.
  1771 | D:2      | Reached skill level 7 in Conjurations
  1771 | D:2      | Reached XP level 5. HP: 28/28 MP: 7/11
  1815 | D:2      | Noticed Natasha
  1817 | D:2      | Killed Natasha
  2901 | D:3      | Reached skill level 8 in Conjurations
  2901 | D:3      | Reached XP level 6. HP: 32/32 MP: 8/12
  2947 | D:3      | Reached skill level 1 in Fighting
  3232 | D:4      | Found a sparkling altar of Nemelex Xobeh.
  3232 | D:4      | Noticed Graouh's ghost (amateur MiFi)
  3783 | D:4      | Found a radiant altar of Vehumet.
  3786 | D:4      | Found a blossoming altar of Fedhas.
  3796 | D:4      | Became a worshipper of Vehumet
  4083 | D:4      | Reached XP level 7. HP: 41/41 MP: 9/13
  4443 | D:4      | Reached * piety under Vehumet
  4443 | D:4      | Offered knowledge of Sting by Vehumet.
  5218 | D:5      | Entered Level 5 of the Dungeon
  5332 | D:5      | Found a staircase to the Ecumenical Temple.
  5338 | D:5      | Mangled by an orc wizard

Skill      XL: |  1  2  3  4  5  6  7 |
---------------+----------------------+-----
Conjurations   | 5 6 7 8 |  8.0
Fighting       | 3 4 |  4.0
Dodging        | |  2.4
Stealth        | |  2.4
Spellcasting   | |  3.0

Action                   |  1- 3 |  4- 6 |  7- 9 || total
-------------------------+-------+-------+-------++-------
Melee: Club              |    35 |    57 |       ||    92
 Fire: Hunting sling     |       |    53 |    37 ||    90
 Cast: Magic Dart        |    25 |    67 |    11 ||   103
       Searing Ray       |     3 |    19 |     6 ||    28
       Iskenderun's Myst |       |     2 |     1 ||     3
 Stab: Sleeping          |     1 |     1 |       ||     2
  Eat: Chunk             |       |    11 |     2 ||    13
       Ration            |       |       |     1 ||     1
Armor: Robe              |    21 |    26 |     7 ||    54
Dodge: Dodged            |    39 |    96 |    20 ||   155
